 Dungeon Crawl Stone Soup version 0.30.0-29-ga12c61a403 (webtiles) character file.

Game seed: 6341045219836224534

129 MacCMillion the Caller (level 5, -2/28 HPs)
             Began as a Tengu Summoner on June 7, 2023.
             Was an Initiate of Gozag.
             Slain by a water moccasin (6 damage)
             ... on level 3 of the Dungeon.
             The game lasted 00:07:45 (2858 turns).

MacCMillion the Caller (Tengu Summoner)             Turns: 2858, Time: 00:07:46

Health: -2/28      AC:  3    Str:  9    XL:     5   Next: 12%
Magic:  0/10       EV: 14    Int: 17    God:    Gozag
Gold:   141        SH:  0    Dex: 14    Spells: 4/10 levels left

rFire   + . .        c - +0 short sword
rCold   + . .        (no shield)
rNeg    . . .        a - +0 robe
rPois   +            (helmet restricted)
rElec   +            e - +0 cloak
rCorr   +            (no gloves)
SInv    .            (boots unavailable)
Will    .....        (no amulet)
Stlth   ++           (no ring)
HPRegen 0.24/turn    (no ring)
MPRegen 0.12/turn

%: no passive effects
@: resistant, flying quickly and evasively, quick
A: beak, talons 3, nimble flight
a: Renounce Religion, Potion Petition, Call Merchant, Bribe Branch


You were on level 3 of the Dungeon.
You worshipped Gozag.
Gozag was aware of your devotion.
You visited 1 branch of the dungeon, and saw 4 of its levels.

You collected 192 gold pieces.
You paid 51 gold pieces to Gozag.

Inventory:

Hand Weapons
 c - a +0 short sword (weapon)
Armour
 a - a +0 robe (worn)
 e - a +0 cloak (worn)
Scrolls
 d - 3 scrolls of teleportation {unknown}
 g - a scroll of amnesia {unknown}
 i - a scroll of enchant armour {unknown}
 j - 2 scrolls of immolation {unknown}
 k - a scroll of fog {unknown}
 l - a scroll of magic mapping {unknown}
Potions
 b - a potion of magic
 f - a potion of resistance
 h - a potion of flight {unknown}
 m - a potion of brilliance {unknown}
 n - a potion of ambrosia {unknown}
 o - a potion of might {unknown}
 p - a potion of heal wounds {unknown}
 q - 2 potions of lignification {unknown}


   Skills:
 - Level 2.1 Dodging
 - Level 2.0 Stealth
 - Level 3.0 Spellcasting
 + Level 6.9 Summonings


You had 4 spell levels left.
You knew the following spells:

 Your Spells              Type           Power      Damage    Failure   Level
a - Summon Small Mammal   Summ           100%       N/A       1%          1
b - Call Imp              Summ           52%        N/A       1%          2
c - Call Canine Familiar  Summ           26%        N/A       3%          3

Your spell library contained the following spells:

 Spells                   Type           Power      Damage    Failure   Level
 Summon Guardian Golem    Hex/Summ       14%        N/A       13%         3
 Apportation              Tloc           4%         N/A       17%         1
 Summon Lightning Spire   Summ/Air       14%        N/A       38%         4
 Alistair's Intoxication  Tmut/Pois      1%         N/A       99%         5


Dungeon Overview and Level Annotations

Branches:
Dungeon (4/15)
 Temple: D:4-7

Altars:
Gozag
Vehumet


Innate Abilities, Weirdness & Mutations

You have a beak for a mouth.
You have claws for feet.
Your magical nature lets you fly swiftly and evasively.


Message History

The water moccasin bites you but does no damage.
The water moccasin attacks as you move away!
The water moccasin barely misses you.
Your hound completely misses the water moccasin.
Casting: Call Canine Familiar (dangerous; 3% risk of failure)
Confirm with . or Enter, or press ? or * to list all spells.
The water moccasin closely misses you.
Your hound closely misses the water moccasin.
The water moccasin closely misses you.
Your hound misses the water moccasin.
The water moccasin attacks as you move away!
The water moccasin barely misses you.
A hobgoblin comes into view.
The hobgoblin shouts!
Your hound bites the water moccasin.
The water moccasin bites you but does no damage.
There is a stone staircase leading up here.
Your rat misses the water moccasin.
Your hound closely misses the water moccasin.
The water moccasin closely misses you.
You fly upwards.
There is a stone staircase leading down here.
The water moccasin attacks as you move away!
The water moccasin barely misses you. The water moccasin misses you.
Casting: Summon Small Mammal (safe; 1% risk of failure)
Confirm with . or Enter, or press ? or * to list all spells.
The water moccasin barely misses you. The water moccasin bites you!
* * * LOW HITPOINT WARNING * * *
The water moccasin bites your quokka.
Your quokka dies!
Your quokka's corpse disappears in a puff of smoke!
The water moccasin attacks as you move away!
The water moccasin barely misses you.
It was a potion of resistance.
You feel protected.
The water moccasin bites you but does no damage.
The water moccasin bites you.
You die...
Your body crumbles into a pile of gold.

.....................# #.#
..............#####..# #.#
..............#??$#..###.#
..............#?/!#......#
..............#[!$#..#####
..............#####..#
..........[..........#
.......####).........#
................@.####
#######........S..#
#...........#
#...>.......#
#############


You could see a water moccasin.

Vanquished Creatures
  4 bats
  A giant cockroach (D:1)
  2 goblins
  A jackal (D:3)
  A kobold (D:1)
9 creatures vanquished.

Vanquished Creatures (collateral kills)
  2 hounds (D:4)
  2 adders
  A dart slug (D:3)
  3 endoplasms
  3 giant cockroaches
  5 goblins
  4 hobgoblins
  3 jackals (D:3)
  2 quokkas
  A ball python (D:1)
  A bat (D:2)
  A frilled lizard (D:2)
  6 kobolds
  4 rats
38 creatures vanquished.

Grand Total: 47 creatures vanquished

Notes
Turn   | Place    | Note
-------+----------+-------------------------------------------
     0 | D:1      | MacCMillion the Tengu Summoner began the quest for the Orb.
     0 | D:1      | Reached XP level 1. HP: 10/10 MP: 4/4
    93 | D:1      | Reached skill level 5 in Summonings
   151 | D:1      | Reached XP level 2. HP: 15/15 MP: 3/6
   175 | D:1      | Learned a level 2 spell: Call Imp
   867 | D:2      | Reached XP level 3. HP: 19/19 MP: 4/8
  1354 | D:2      | Learned a level 3 spell: Call Canine Familiar
  2145 | D:3      | Reached XP level 4. HP: 24/24 MP: 9/9
  2164 | D:3      | Reached skill level 6 in Summonings
  2540 | D:3      | Found a radiant altar of Vehumet.
  2556 | D:3      | Found an opulent altar of Gozag.
  2561 | D:3      | Became a worshipper of Gozag Ym Sagoz the Greedy
  2691 | D:4      | Noticed a water moccasin
  2759 | D:4      | Gained mutation: Your magical nature lets you fly swiftly
                  | and evasively. [Tengu growth]
  2759 | D:4      | Reached XP level 5. HP: 28/28 MP: 5/10
  2790 | D:4      | Noticed a phantom
  2858 | D:3      | Slain by a water moccasin

Illustrated notes

Levels and vault maps discovered:
D:1:      dpeg_arrival_prison, layout_rooms, serial_bayou_pond_c,
          reono_crystal_passage
D:2:      layout_basic
D:3:      layout_basic, mainiacjoe_overflow_big_doors, due_unseen_surprise
D:4:      layout_basic, mainiacjoe_overflow_two_lobes, kennysheep_small_spiral

Skill      XL: |  1  2  3  4 |
---------------+-------------+-----
Summonings     | 5 6 |  6.9
Spellcasting   | 3 |  3.0
Dodging        | |  2.1
Stealth        | |  2.0

Action                     |  1- 3 |  4- 6 || total
---------------------------+-------+-------++-------
  Melee: Unarmed           |     3 |       ||     3
         Short sword       |    11 |     7 ||    18
         Kick              |     5 |     1 ||     6
         Peck              |     2 |     2 ||     4
   Cast: Summon Small Mamm |    37 |     3 ||    40
         Call Imp          |    14 |     8 ||    22
         Call Canine Famil |     5 |     9 ||    14
    Use: Potion            |       |     1 ||     1
 Armour: Robe              |     8 |    11 ||    19
  Dodge: Dodged            |    28 |    19 ||    47
